[Event "*** Titled Tuesday Blitz"]
[Site "Chess.com"]
[Date "2018.11.06"]
[Round "6"]
[White "narutosmith"]
[Black "Ramosha"]
[Result "0-1"]
[WhiteElo "2193"]
[BlackElo "2465"]
[TimeControl "180+2"]
[EndTime "14:20:59 PST"]
[Termination "Ramosha won on time"]

1. e4 e6 2. d4 d5 3. Nd2 Be7 4. Ngf3 Nf6 5. e5 Nfd7 6. Bd3 c5 7. c3 Nc6 8. O-O g5 9. dxc5 g4 10. Ne1 Ndxe5 11. Bb5 Bd7 12. b4 h5 13. f4 gxf3 14. Ndxf3 Bf6 15. Nd4 a6 16. Be2 h4 17. Be3 Rg8 18. Kh1 Bg5 19. Qd2 Bxe3 20. Qxe3 Qg5 21. Qf2 Rg7 22. Nef3 Nxf3 23. Nxf3 Qf6 24. Qxh4 Qxh4 25.
Nxh4 Ke7 26. Rae1 Rh8 27. g3 Ne5 28. Bxa6 Bc6 29. Bxb7 Bxb7 30. Rxe5 Rxh4 31. Kg1 Rc4 32. Re3 Rg8 0-1

[Event "*** Titled Tuesday Blitz"]
[Site "Chess.com"]
[Date "2018.11.06"]
[Round "6"]
[White "Gareth-Bale11"]
[Black "Rashad_Zeynalli"]
[Result "1-0"]
[WhiteElo "2601"]
[BlackElo "2387"]
[TimeControl "180+2"]
[EndTime "14:21:03 PST"]
[Termination "Gareth-Bale11 won by resignation"]

1. e4 e5 2. Nf3 Nc6 3. Bb5 Nf6 4. O-O Nxe4 5. Re1 Nd6 6. Nxe5 Nxe5 7. Rxe5+ Be7 8.
Bf1 O-O 9. d4 Bf6 10. Re1 Re8 11.
c3 Rxe1 12. Qxe1 Qe8 13. Qd1 Ne4 14. Bf4 c6 15. d5 Be5 16. Bxe5 Qxe5 17. Na3 cxd5 18.
Nb5 a6 19. Nd4 d6 20. f3 Nc5 21. Qd2 Bd7 22. Re1 Qf6 23. Nc2 Bc6 24. Nb4 Qf5 25. Re7 Kf8 26. Rc7 Ne6 27. Rxc6 bxc6 28. Nxc6 a5 29. a4 Nc5 30. Bb5 Qb1+ 31. Kf2 Re8 32. Nd4 Re5 33. h4 Ne6 34. Nc6 Rh5 35. Nxa5 Rxh4 36. Qxd5 Qxb2+ 37. Kg3 g5 38. Qxd6+ Kg8 39.
Qb8+ Kg7 40. Qe5+ Kf8 41. Nc6 Ke8 42. Nd4+ Ke7 43. Nf5+ Kd8 44. Qd6+ Kc8 45. Ba6+ 1-0

[Event "*** Titled Tuesday Blitz"]
[Site "Chess.com"]
[Date "2018.11.06"]
[Round "6"]
[White "ShadowJolteon"]
[Black "Iyael"]
[Result "0-1"]
[WhiteElo "2372"]
[BlackElo "2054"]
[TimeControl "180+2"]
[EndTime "14:21:13 PST"]
[Termination "Iyael won by resignation"]

1. d4 Nf6 2. c4 g6 3. Nc3 Bg7 4. e4 d6 5. f3 O-O 6. Be3 c5 7. dxc5 dxc5 8. Qxd8 Rxd8 9. Bxc5 Nc6 10. Nd5 e6 11.
Ne7+ Nxe7 12. Bxe7 Rd7 13. Ba3 b6 14. Ne2 Ba6 15.
Rc1 Rad8 16. Nc3 Bh6 17. Rc2 Bd2+ 18. Kf2 Bf4 19. Be2 Rd2 20. Rxd2 Rxd2 21. Nb1 Rc2 22. b3 Rxa2 23. Rd1 Bc7 24. Be7 Ne8 25. g3 f5 26. exf5 gxf5 27. Bd8 Bd6 28. Nc3 Rb2 29.
Ra1 Bc5+ 30. Kf1 Bb7 31. Na4 Rxb3 32. Nxc5 bxc5 33. Bd1 Rc3 34. Rxa7 Bxf3 35. Ba4 Nd6 36. Bf6 Rxc4 37. Rg7+ Kf8 38. Bd7 Ne4 39. Bb2 Rc2 40. Bxe6 Rxb2 41. Rg8+ Ke7 42. Rg7+ Kxe6 0-1

[Event "*** Titled Tuesday Blitz"]
[Site "Chess.com"]
[Date "2018.11.06"]
[Round "6"]
[White "2Tilted"]
[Black "51616516516"]
[Result "1-0"]
[WhiteElo "2416"]
[BlackElo "2259"]
[TimeControl "180+2"]
[EndTime "14:21:13 PST"]
[Termination "2Tilted won by checkmate"]

1. d4 Nf6 2. c4 g6 3. Nc3 Bg7 4. e4 d6 5. Be2 O-O 6. Nf3 e5 7.
O-O Nc6 8. d5 Ne7 9. b4 Nh5 10.
g3 a5 11. Ba3 f5 12. Ng5 Nf6 13. bxa5 Nxe4 14. Ncxe4 fxe4 15. Nxe4 Rxa5 16. Bb4 Ra8 17. c5 Nf5 18. cxd6 cxd6 19. Bf3 Ra6 20. Bg2 Nd4 21.
a3 Bf5 22. Rc1 Bxe4 23. Bxe4 Bh6 24. Rc4 b5 25. Rxd4 exd4 26. Qxd4 Bg7 27. Qd3 Qb6 28. Kg2 Ra7 29. f3 Rc7 30. Rf2 Rfc8 31. h4 Rc1 32. h5 Qd4 33. hxg6 hxg6 34. Bxg6 Qe5 35. Bh7+ Kh8 36. Be4 Qh5 37. Rf1 Rxf1 38. Qxf1 Be5 39.
f4 Bd4 40. Bxd6 Rc3 41. Be5+ Bxe5 42. fxe5 Qxe5 43. Qf8# 1-0

[Event "*** Titled Tuesday Blitz"]
[Site "Chess.com"]
[Date "2018.11.06"]
[Round "6"]
[White "Pilopa"]
[Black "dhanushbharadwaj"]
[Result "0-1"]
[WhiteElo "2401"]
[BlackElo "2499"]
[TimeControl "180+2"]
[EndTime "14:21:17 PST"]
[Termination "dhanushbharadwaj won by resignation"]

1. d4 Nf6 2. c4 g6 3. Nc3 Bg7 4.
e4 d6 5. Nf3 O-O 6. Be2 Na6 7.
Bf4 Nh5 8. Bg5 h6 9. Be3 e5 10. Qd2 Re8 11. d5 Nf4 12. Bxf4 exf4 13. Qxf4 Nc5 14. Nd2 h5 15. O-O Be5 16. Qe3 Qf6 17.
Bf3 Bg4 18. Rfe1 Bf4 19. Qe2 Bxd2 20. Qxd2 Bxf3 21. gxf3 Qxf3 22. Re3 Qg4+ 23. Rg3 Nxe4 24. Rxg4 Nxd2 25. Rf4 Re5 26. Rd1 g5 27. Rf6 Kg7 28. Rxf7+ Kxf7 29. Rxd2 Rae8 30. Kg2 a6 31. b4 Kg6 32. a4 g4 33. h3 Kg5 34. hxg4 hxg4 35. a5 Rf5 36. Rd4 Rf4 37. Rxf4 Kxf4 38. c5 Kf5 39.
Kg3 Re1 40. b5 Rc1 41. Ne2 Rxc5 42. bxa6 bxa6 43. Nd4+ Ke5 44. Ne6 Rc3+ 45. Kxg4 Kxd5 46. Nf4+ Ke5 47. Ng6+ Kf6 48. Nf4 Rc4 49. Kg3 Kf5 50. Nd5 Rc5 51. Ne3+ Ke4 52. Ng4 Rxa5 53. Nf6+ Kf5 54.
Ng4 Ra3+ 55. Ne3+ Rxe3+ 56. fxe3 Ke4 57. Kf2 a5 58. Ke2 a4 59. Kd2 a3 60. Kc2 Kxe3 61.
Kb3 d5 62. Kxa3 d4 63. Kb2 d3 64. Kc1 Ke2 0-1

[Event "*** Titled Tuesday Blitz"]
[Site "Chess.com"]
[Date "2018.11.06"]
[Round "6"]
[White "GianmarcoVaR"]
[Black "JonahWillow"]
[Result "1-0"]
[WhiteElo "2552"]
[BlackElo "2683"]
[TimeControl "180+2"]
[EndTime "14:21:23 PST"]
[Termination "GianmarcoVaR won by resignation"]

1. d4 Nf6 2. c4 c5 3. d5 e6 4. Nc3 exd5 5. cxd5 d6 6. Nf3 g6 7.
Nd2 Bg7 8. a4 O-O 9. e4 a6 10.
Be2 Re8 11. O-O Nbd7 12. Re1 Ne5 13. f4 Neg4 14. Nc4 Nxe4 15. Bxg4 Nxc3 16. bxc3 Bxg4 17. Rxe8+ Qxe8 18. Qd2 Qe7 19. h3 Bf5 20. Ne3 Be4 21. Bb2 Re8 22. a5 f5 23. Ra3 Qh4 24. Qf2 Qd8 25.
c4 h5 26. Bxg7 Kxg7 27. Rb3 Re7 28. Qb2+ Kh6 29. Qf6 Qe8 30. Qxd6 Bd3 31. Rxd3 Rxe3 32. Rxe3 Qxe3+ 33. Kh2 h4 34. Qe5 Qg3+ 35. Kg1 Kh7 36. d6 Qa3 37. Qe7+ Kh6 38. Qxh4+ Kg7 39. Qe7+ Kh6 40. Kh2 Qc1 41. Qg5+ Kg7 42. d7 1-0

[Event "*** Titled Tuesday Blitz"]
[Site "Chess.com"]
[Date "2018.11.06"]
[Round "6"]
[White "gmjlh"]
[Black "Bauxi435"]
[Result "1-0"]
[WhiteElo "2623"]
[BlackElo "2437"]
[TimeControl "180+2"]
[EndTime "14:21:23 PST"]
[Termination "gmjlh won by resignation"]

1. c4 b6 2. e4 Bb7 3. Nc3 e6 4.
Nf3 c5 5. g3 d6 6. Bg2 Nd7 7.
d4 cxd4 8. Nxd4 a6 9. O-O Qc7 10. Be3 Ngf6 11. Rc1 Be7 12. b3 O-O 13. Qe2 Rac8 14.
Kh1 Qb8 15. f3 Bd8 16. Bg1 Bc7 17. g4 Rfe8 18. g5 Nh5 19. f4 g6 20. Qb2 Nc5 21. Rcd1 Qa8 22. Qb1 d5 23. exd5 Nxf4 24. Rxf4 Bxf4 25. h4 e5 26. Nde2 Nd7 27. Ne4 b5 28.
Qd3 bxc4 29. bxc4 Rf8 30. c5 f5 31. gxf6 Nxf6 32. Nxf6+ Rxf6 33. c6 Rd8 34. cxb7 Qxb7 35.
d6 Qb5 36. Qxb5 axb5 37. Bc5 e4 38. Nxf4 Rxf4 39. d7 Rf7 40. Bh3 e3 41. Bxe3 Rf3 42. Be6+ Kf8 43. Bc5+ Kg7 44. Bb6 Rff8 45. Bxd8 Rxd8 46.
Rf1 b4 47. Rf7+ Kh6 48. Kg2 g5 49. Re7 Ra8 50. Re8 Ra3 51. hxg5+ Kxg5 52. d8=Q+ 1-0

[Event "*** Titled Tuesday Blitz"]
[Site "Chess.com"]
[Date "2018.11.06"]
[Round "6"]
[White "ChainsOfFantasia"]
[Black "norwaytoadog"]
[Result "1-0"]
[WhiteElo "2360"]
[BlackElo "2153"]
[TimeControl "180+2"]
[EndTime "14:21:27 PST"]
[Termination "ChainsOfFantasia won on time"]

1. Nc3 Nc6 2. d4 d5 3. Bf4 a6 4. f3 Nf6 5. Qd2 Bf5 6. g4 Bg6 7. h4 h6 8. e3 e6 9. Bd3 Bxd3 10.
Qxd3 Nb4 11. Qd2 c5 12. Nge2 Rc8 13. Ng3 cxd4 14. exd4 Qb6 15. Be5 Nd7 16. Nge2 Nxe5 17. dxe5 Rc4 18. f4 d4 19. Na4 Qc6 20. Kf2 b5 21. b3 Rxc2 22. Qxd4 bxa4 23. Rhc1 Bc5 24. Rxc2 Bxd4+ 25. Nxd4 Qb7 26. Rc4 O-O 27. a3 Nd3+ 28. Ke2 Qxb3 29. Nxb3 Rb8 30. Kxd3 Rxb3+ 31. Ke4 Rh3 32. h5 Rg3 33. Rxa4 Rxg4 34. Rxa6 g5 35. Ra8+ Kg7 36. Rf1 Rh4 37. a4 g4 38. a5 g3 39. a6 g2 40. Rg1 Rg4 41. a7 Rg3 42.
Rb8 Kh7 43. a8=Q f5+ 44. exf6 1-0

[Event "*** Titled Tuesday Blitz"]
[Site "Chess.com"]
[Date "2018.11.06"]
[Round "6"]
[White "ZeroRealtorFade"]
[Black "Blagorod"]
[Result "1-0"]
[WhiteElo "2226"]
[BlackElo "2074"]
[TimeControl "180+2"]
[EndTime "14:21:37 PST"]
[Termination "ZeroRealtorFade won by resignation"]

1. d4 d5 2. Bf4 Nf6 3. e3 e6 4.
c3 c5 5. Nd2 c4 6. e4 Nc6 7. e5 Nd7 8. Ngf3 b5 9. Ng5 g6 10.
Qf3 Bg7 11. Nxf7 Kxf7 12. Bg5+ Nf6 13. a4 b4 14. Nxc4 Rf8 15. exf6 Bxf6 16. Bh6 Rg8 17. Ne5+ Nxe5 18. dxe5 bxc3 19. bxc3 g5 20. h4 g4 21. Qxf6+ Qxf6 22. exf6 Kxf6 23. Bd3 Kf7 24. O-O e5 25. c4 e4 26. Bc2 Be6 27. cxd5 Bxd5 28. Rad1 Bc6 29.
Rd6 Rg6 30. Rfd1 Rc8 31. h5 Rxd6 32. Rxd6 a5 33. Bb3+ Ke7 34. Re6+ Kd7 35. Bf4 Kd8 36. Rh6 e3 37. fxe3 Be4 38. Bg5+ Ke8 39. Re6+ Kf8 40. Rxe4 Rc1+ 41. Kh2 Rb1 42. Bd5 Rb4 43. Rxb4 axb4 44. a5 1-0

[Event "*** Titled Tuesday Blitz"]
[Site "Chess.com"]
[Date "2018.11.06"]
[Round "6"]
[White "Pudor"]
[Black "volcanoexplorer"]
[Result "1-0"]
[WhiteElo "2331"]
[BlackElo "2460"]
[TimeControl "180+2"]
[EndTime "14:21:40 PST"]
[Termination "Pudor won by resignation"]

1. d4 Nf6 2. c4 e6 3. Nc3 Bb4 4. Qc2 O-O 5. a3 Bxc3+ 6. Qxc3 Qe8 7. g3 d6 8. Bg2 e5 9. Bg5 Nfd7 10. dxe5 Nxe5 11. Nf3 Nbc6 12. Nxe5 Nxe5 13. O-O h6 14. Be3 Ng4 15. Bd4 f6 16. h3 Ne5 17. b4 c6 18. e4 Be6 19. c5 Nf7 20. Rad1 d5 21. Rfe1 Qd7 22. Kh2 a6 23. f4 Nd8 24. Be3 f5 25. exd5 cxd5 26. Bd4 Rf7 27. Be5 Rc8 28. Qd2 Nc6 29. Bd6 d4 30. Re2 Bc4 31. Ree1 d3 32. Qc3 Bb5 33. a4 Bxa4 34. Rxd3 Kh7 35. Rde3 Bb5 36.
Bd5 Rf6 37. Be6 Rxe6 38. Rxe6 Rg8 39. Qc2 Qf7 40. R1e3 Nd4 41. Qa2 Bd7 42. Rxh6+ gxh6 43. Qxf7+ Rg7 44. Qf6 Nc6 45. Be5 Nxe5 46. Rxe5 Bc8 47. Re7 Rxe7 48. Qxe7+ Kg6 49. Qc7 1-0

[Event "*** Titled Tuesday Blitz"]
[Site "Chess.com"]
[Date "2018.11.06"]
[Round "6"]
[White "Caterpiller35"]
[Black "sergeikim"]
[Result "0-1"]
[WhiteElo "2270"]
[BlackElo "2462"]
[TimeControl "180+2"]
[EndTime "14:21:42 PST"]
[Termination "sergeikim won by checkmate"]

1. d4 Nf6 2. Bg5 g6 3. Bxf6 exf6 4. c4 h5 5. Nc3 h4 6. e3 d6 7. Be2 h3 8. gxh3 f5 9. Bf3 c6 10. Nge2 Rxh3 11. Nf4 Rh8 12. Qc2 Nd7 13. O-O-O Nf6 14.
h4 Bh6 15. Nce2 Qa5 16. Kb1 Bd7 17. c5 d5 18. Nd3 Ne4 19. h5 g5 20. Bxe4 fxe4 21. Ne5 Be6 22. f3 O-O-O 23. fxe4 dxe4 24. b3 f5 25. Ng3 Bg7 26. Nc4 Qb4 27. Nd6+ Rxd6 28. cxd6 Qxd6 29. Qf2 f4 30. exf4 gxf4 31. Nxe4 Bf5 32. Rhe1 Re8 33. Qc2 Rxe4 34. Rxe4 Qd5 35. Rde1 f3 36. Kc1 Bh6+ 37. Kb2 f2 38. Re8+ Kc7 39.
R8e7+ Kb6 40. Qxf2 Bg4 41. R1e5 Qh1 42. d5+ Ka6 43.
dxc6 Qc1# 0-1

[Event "*** Titled Tuesday Blitz"]
[Site "Chess.com"]
[Date "2018.11.06"]
[Round "6"]
[White "Paparama_1917"]
[Black "jcibarra"]
[Result "0-1"]
[WhiteElo "2576"]
[BlackElo "2638"]
[TimeControl "180+2"]
[EndTime "14:21:43 PST"]
[Termination "jcibarra won by resignation"]

1. e4 e5 2. Nf3 Nc6 3. Bb5 g6 4. c3 a6 5. Ba4 d6 6. d4 Bd7 7. h4 Nf6 8. Qe2 Bg7 9. Bxc6 Bxc6 10. dxe5 Nxe4 11. Nbd2 Nxd2 12. Bxd2 O-O 13. Bg5 Qd7 14.
O-O-O Qe6 15. Nd4 Qxa2 16. Nxc6 bxc6 17. Bf6 Rab8 18. Qc2 Bh6+ 19. Bg5 Bxg5+ 20. hxg5 dxe5 21. Rh4 Rb3 22. Qb1 Qxb1+ 23. Kxb1 Rfb8 24. Rd2 Rxc3 25. Ra4 Rb6 26. Rxa6 Rxa6 27. bxc3 Ra5 28. f3 Rd5 29. Re2 Kf8 30. Kc2 Ke7 31. Re4 Kd6 32. Rh4 e4 33. fxe4 Rxg5 34. Rxh7 Rxg2+ 35. Kd3 Ke6 36. Rh8 Rg3+ 37. Kd4 c5+ 38. Kc4 Re3 39. Re8+ Kd7 40.
Re5 f6 41. Rd5+ Ke6 42. Rxc5 Rxe4+ 43. Kb5 Re5 0-1

[Event "*** Titled Tuesday Blitz"]
[Site "Chess.com"]
[Date "2018.11.06"]
[Round "6"]
[White "iturrizaga"]
[Black "SergeiAza"]
[Result "1-0"]
[WhiteElo "2778"]
[BlackElo "2799"]
[TimeControl "180+2"]
[EndTime "14:21:44 PST"]
[Termination "iturrizaga won on time"]

1. Nf3 Nf6 2. c4 e6 3. g3 d5 4. Bg2 d4 5. O-O c5 6. b4 cxb4 7. a3 a5 8. axb4 Bxb4 9. Na3 Nc6 10. Nc2 Be7 11. d3 O-O 12. Bg5 a4 13. Bxf6 Bxf6 14. Na3 Be7 15. Qc2 Nb4 16. Qb2 Na6 17. Nxd4 Bf6 18.
Nab5 Nc5 19. Ra3 Bd7 20. Qa2 Qe7 21. Rb1 Rfd8 22. Nc2 h5 23. h4 g6 24. Nc3 Bxc3 25.
Rxc3 Bc6 26. Ra3 e5 27. Nb4 Bxg2 28. Kxg2 e4 29. Nd5 Qe5 30. Rb5 exd3 31. exd3 Qd4 32.
Qe2 Ne6 33. Qf3 Kg7 34. Rxb7 Rf8 35. Rb4 Qe5 36. Rbxa4 Rab8 37. Qe3 Qd6 38. Ra6 Qc5 39.
Rxe6 Qxa3 40. Qe5+ Kh6 41. Qg5+ Kg7 42. Qf6+ Kh6 43.
Re5 Kh7 44. Re7 Kg8 45. Qe5 1-0

[Event "*** Titled Tuesday Blitz"]
[Site "Chess.com"]
[Date "2018.11.06"]
[Round "6"]
[White "nochewycandy"]
[Black "Karina_Oparina"]
[Result "1-0"]
[WhiteElo "2205"]
[BlackElo "2182"]
[TimeControl "180+2"]
[EndTime "14:21:47 PST"]
[Termination "nochewycandy won by resignation"]

1. e4 c6 2. Nc3 d5 3. Nf3 Bg4 4. h3 Bxf3 5. Qxf3 e6 6. d4 dxe4 7. Qxe4 Nf6 8. Qe3 Nbd7 9. Bd3 Bb4 10. O-O O-O 11. Ne4 Nxe4 12. Bxe4 Nf6 13. Bd3 Rc8 14. c3 Bd6 15. Qf3 h6 16. Re1 Qe7 17. Be3 c5 18.
dxc5 Bxc5 19. Bxc5 Rxc5 20. Rad1 Rd8 21. Bc2 Rcd5 22.
Rxd5 Rxd5 23. Rd1 b6 24. Rxd5 Nxd5 25. Qe4 g6 26. Qe5 Qc7 27. Qxc7 Nxc7 28. Kf1 Kf8 29. Ke2 Ke7 30. g3 Kd6 31. Kd3 g5 32. c4 f5 33. f4 e5 34. Ke3 gxf4+ 35. gxf4 Ke6 36. b4 a5 37. a3 axb4 38. axb4 Na6 39. b5 Nc5 40. Bd1 Ne4 41. Be2 Nd6 42. Bf1 Nf7 43.
c5 bxc5 44. Bc4+ Kf6 45. Bxf7 Kxf7 46. fxe5 Ke6 47. b6 Kd7 48. e6+ Kc6 49. e7 1-0

[Event "*** Titled Tuesday Blitz"]
[Site "Chess.com"]
[Date "2018.11.06"]
[Round "6"]
[White "RegZryt"]
[Black "MITerryble"]
[Result "0-1"]
[WhiteElo "2514"]
[BlackElo "2765"]
[TimeControl "180+2"]
[EndTime "14:21:49 PST"]
[Termination "MITerryble won by resignation"]

1. d4 e6 2. Nf3 Nf6 3. c4 Bb4+ 4. Bd2 c5 5. Bxb4 cxb4 6. e3 O-O 7. Bd3 a5 8. a3 Na6 9. O-O d6 10. Nbd2 Qe7 11.
Qb1 e5 12. a4 Re8 13. Bc2 Bg4 14. b3 Rad8 15. h3 Bh5 16. Ng5 Bg6 17. Bxg6 hxg6 18. Re1 e4 19. h4 Nc7 20. Nf1 d5 21. c5 Ne6 22. Nxe6 Qxe6 23. Qd1 Ng4 24. Qe2 Re7 25. Nh2 Nf6 26. Nf1 Ra8 27. Rac1 Rc7 28. Rc2 Rc6 29.
Rec1 Qe7 30. g3 Qd7 31. Kg2 Qf5 32. Nh2 Qe6 33. Qb5 Ra7 34. Qe2 Qf5 35. Rh1 Ra8 36. Rhc1 g5 37. hxg5 Qxg5 38. Rh1 Qf5 39. Nf1 Ng4 40.
Rh4 Rg6 41. Nh2 Nf6 42. c6 bxc6 43. Rxc6 Ne8 44. Rxg6 Qxg6 45. Qb5 Qe6 46. Rh5 Nf6 47. Re5 Qd6 48. Nf1 Qc7 49. Qxa5 Rxa5 0-1

[Event "*** Titled Tuesday Blitz"]
[Site "Chess.com"]
[Date "2018.11.06"]
[Round "6"]
[White "Morshynska"]
[Black "FearNoEvil12"]
[Result "0-1"]
[WhiteElo "2067"]
[BlackElo "1977"]
[TimeControl "180+2"]
[EndTime "14:21:50 PST"]
[Termination "FearNoEvil12 won by resignation"]

1. d4 b5 2. e4 a6 3. a4 b4 4.
Bd3 Bb7 5. Nf3 e6 6. c4 bxc3 7. bxc3 Nf6 8. e5 Nd5 9. Ng5 h6 10. Qh5 hxg5 11. Qxh8 Nc6 12. h4 Nf4 13. Bf1 d6 14. Ba3 gxh4 15. Qxh4 Qxh4 16. Rxh4 Ng6 17. Rh3 dxe5 18. Bxf8 Kxf8 19. dxe5 Ncxe5 20. Nd2 Rd8 21. Nf3 Nxf3+ 22. gxf3 Ke7 23. Rb1 Bc6 24. Bxa6 Bxa4 25. Be2 Bc6 26. Ra1 Rb8 27. Ra7 Kd7 28. Rh7 Nf4 29. Bc4 Bxf3 30. Rxg7 Bh5 31. Rh7 Bg6 32. Rh4 e5 33. Kd2 Rb1 34. Rh8 Rb2+ 35. Ke3 Ng2+ 36. Kf3 Ne1+ 37. Kg3 Rc2 38. Rf8 Rxc3+ 39. Kh4 Rxc4+ 40. Kg5 Rf4 41. f3 Nxf3+ 42. Kh6 Rh4+ 43. Kg7 Nd4 44. Raa8 Ne6+ 45. Kg8 Nxf8 46. Kxf8 f5 47.
Kg8 e4 48. Ra5 e3 49. Re5 Re4 50. Rd5+ Kc6 51. Rd1 e2 52. Rc1+ Kd6 53. Re1 f4 54. Kg7 f3 0-1

[Event "*** Titled Tuesday Blitz"]
[Site "Chess.com"]
[Date "2018.11.06"]
[Round "6"]
[White "ahmadzada13"]
[Black "xpto15"]
[Result "0-1"]
[WhiteElo "2619"]
[BlackElo "1371"]
[TimeControl "180+2"]
[EndTime "14:22:01 PST"]
[Termination "xpto15 won by resignation"]

1. e4 e5 2. Nf3 Nc6 3. Bb5 f5 4.
d3 fxe4 5. dxe4 Nf6 6. Nc3 Bb4 7.
O-O Bxc3 8. bxc3 d6 9. Bc4 Na5 10. Bd3 O-O 11. Nd2 Qe8 12. f3 Nh5 13. Nc4 Nxc4 14.
Bxc4+ Kh8 15. Be3 Nf4 16. Bxf4 Rxf4 17. Bd5 c6 18. Bb3 Rf6 19. Qd2 Qg6 20. Rad1 Bd7 21. Kh1 Raf8 22. Qe3 b6 23. Rd2 h5 24. Rfd1 h4 25. Qe1 Qh6 26. h3 Rg6 27. Rd3 Rff6 28. R1d2 Rg3 29. Qd1 Qg5 30. Rxd6 Rxd6 31. Rxd6 Bxh3 32.
Rd8+ Kh7 33. Bg8+ Kh6 34. Rd6+ g6 35. Qd2 Bxg2+ 36. Kh2 Rh3+ 37. Kg1 Rh1+ 38. Kf2 Rf1+ 39. Ke2 Qxd2+ 40. Rxd2 Rxf3 41. Be6 h3 42. Bg4 Rg3 43.
Be6 h2 44. Kf2 h1=Q 45. Kxg3 Qe1+ 46. Rf2 Bxe4 47. Bh3 Qe3+ 0-1

[Event "*** Titled Tuesday Blitz"]
[Site "Chess.com"]
[Date "2018.11.06"]
[Round "6"]
[White "BvsN"]
[Black "DawidCzerw"]
[Result "0-1"]
[WhiteElo "2211"]
[BlackElo "2252"]
[TimeControl "180+2"]
[EndTime "14:22:01 PST"]
[Termination "DawidCzerw won by checkmate"]

1. d4 d5 2. c4 c6 3. Nc3 Nf6 4. e3 a6 5. Qc2 b5 6. b3 Bg4 7. Nge2 e6 8. h3 Bh5 9. Nf4 Bg6 10. Nxg6 hxg6 11. Be2 Nbd7 12. Bb2 Be7 13. c5 e5 14. O-O-O exd4 15. exd4 Qc7 16. Kb1 O-O-O 17. g3 Rde8 18. Bc1 Nf8 19. Bf4 Qd7 20. a4 Ne6 21. Be5 Kb7 22. Na2 Bd8 23. Rc1 Bc7 24. axb5 axb5 25.
Bxb5 Bxe5 26. dxe5 Nd4 27. Qd3 Nxb5 28. exf6 gxf6 29. Nb4 Re4 30. Nc2 Qe7 31. Ne3 Qe5 32. Ng4 Qe6 33. Rhd1 Ra8 34. Rd2 f5 35. Ne3 d4 36.
Nc4 Nc3+ 37. Rxc3 dxc3 38. Qxc3 Re1+ 39. Kb2 Re2 40. Nd6+ Kc7 41. Qd3 Rxd2+ 42. Qxd2 Qe5+ 43. Qc3 Ra2+ 44. Kxa2 Qxc3 45. Nxf7 Qxc5 46. Ng5 Qxf2+ 47.
Ka3 Qxg3 48. Ne6+ Kd6 49. Nd4 Qxh3 50. Ka4 Qh4 51. Ka5 Qxd4 52. b4 Qd5+ 53. Ka4 Qb5+ 54. Ka3 Kd5 55. Kb3 Kd4 56. Ka3 Kc4 57. Ka2 Qxb4 58. Ka1 Kc3 59. Ka2 Qb2# 0-1

[Event "*** Titled Tuesday Blitz"]
[Site "Chess.com"]
[Date "2018.11.06"]
[Round "6"]
[White "savinspm"]
[Black "tteshan"]
[Result "1/2-1/2"]
[WhiteElo "2073"]
[BlackElo "2125"]
[TimeControl "180+2"]
[EndTime "14:22:02 PST"]
[Termination "Game drawn by agreement"]

1. e4 c5 2. Nc3 e6 3. g3 Nc6 4. Bg2 g6 5. d3 Bg7 6. Be3 Nge7 7. Qd2 b6 8. f4 d5 9. exd5 exd5 10.
d4 Nxd4 11. Bxd4 Bxd4 12. Nf3 Bg7 13. O-O-O Be6 14. Ne5 O-O 15. Nxd5 Nxd5 16. Bxd5 Bxd5 17. Qxd5 Qxd5 18. Rxd5 Rad8 19. Rhd1 Rxd5 20. Rxd5 Bxe5 21. Rxe5 Rd8 22. Re7 a6 23. Rb7 Rd6 24. Ra7 b5 25. Rc7 c4 26. Re7 Kf8 27. Re3 Kg7 28. b3 cxb3 29.
axb3 Kf6 30. h3 h5 31. Re5 Rd4 32. h4 Kg7 33. Rc5 Re4 34. Kd2 Re6 35. b4 f6 36.
Rc7+ Kh6 37. Kd3 g5 38. fxg5+ fxg5 39. Rc5 gxh4 40. gxh4 Rf6 41. Re5 Rf4 42. Re6+ Kg7 43. Re4 Rf3+ 44. Kd4 Rf6 45. Kd5 Kf7 46. Re5 Rf4 47.
Rxh5 Rxb4 48. Rh6 a5 49. h5 Rb2 50. Rb6 a4 51. Kd4 b4 52. Kd3 a3 53. Rb7+ Kg8 54.
Ra7 Rb1 55. Kc4 Kh8 56. h6 Kg8 57. h7+ Kh8 58. Kd4 Rh1 59. Kc4 Rh4+ 60. Kb3 Rxh7 61.
Ra8+ Kg7 62. Kxb4 Rh2 63. Kb3 Rh3+ 64. c3 Kf6 65. Rxa3 Ke5 66. Ra8 Kd5 67. Rc8 Rg3 68. Kb4 Rg1 69. Rd8+ Kc6 70. Rh8 Rb1+ 71. Kc4 Rc1 72.
Rh6+ Kc7 73. Kd4 Rd1+ 74. Kc5 Rg1 75. Rh7+ Kc8 76. c4 Rg5+ 77. Kb6 Rg6+ 78. Kb5 Rg5+ 79. c5 Rg6 80. Re7 Rh6 81. c6 Rh1 82. Kb6 Rb1+ 83. Kc5 Rc1+ 1/2-1/2

[Event "*** Titled Tuesday Blitz"]
[Site "Chess.com"]
[Date "2018.11.06"]
[Round "6"]
[White "Zarikovs1999"]
[Black "PrascaR"]
[Result "0-1"]
[WhiteElo "2348"]
[BlackElo "2532"]
[TimeControl "180+2"]
[EndTime "14:22:07 PST"]
[Termination "PrascaR won by resignation"]

1. b3 d5 2. Bb2 Bg4 3. Nf3 c6 4. e3 Nf6 5. Be2 Nbd7 6. d4 e6 7. Ne5 Bxe2 8. Qxe2 Nxe5 9. dxe5 Nd7 10. f4 Qa5+ 11.
Qd2 Qxd2+ 12. Nxd2 O-O-O 13. Ke2 Bb4 14. Nf3 h6 15. c4 dxc4 16. bxc4 Nb6 17. Rac1 Na4 18. Rc2 Rd7 19. Rd1 Rhd8 20. Rxd7 Rxd7 21. g4 a6 22. Nd4 Nc5 23. Bc3 Ba3 24. Bb2 Bb4 25. Bc3 a5 26. Bxb4 axb4 27. a3 bxa3 28. Ra2 Na6 29.
Rxa3 Kc7 30. h4 Re7 31. Kf3 Rd7 32. h5 Re7 33. Ke2 Kb6 34. g5 Re8 35. Ra1 hxg5 36.
fxg5 Rh8 37. Rb1+ Kc7 38. g6 fxg6 39. hxg6 Nc5 40. Rf1 Rg8 41. Rf7+ Kb6 42. Re7 Ka5 43. Nxe6 Nxe6 44. Rxe6 Kb4 45. Kd3 Kc5 46. Re7 b5 47. cxb5 cxb5 48. Rd7 b4 49. e6 Kb5 50. e7 Re8 51. Ke4 b3 52. Ke5 b2 53. Ke6 Kc6 54. Rd8 b1=Q 55. Rxe8 Qxg6+ 0-1

[Event "*** Titled Tuesday Blitz"]
[Site "Chess.com"]
[Date "2018.11.06"]
[Round "6"]
[White "champ2005"]
[Black "MatyChess1"]
[Result "1-0"]
[WhiteElo "2752"]
[BlackElo "2518"]
[TimeControl "180+2"]
[EndTime "14:22:08 PST"]
[Termination "champ2005 won by resignation"]

1. e4 c5 2. Nf3 Nc6 3. d4 cxd4 4.
Nxd4 Nf6 5. Nc3 e5 6. Ndb5 d6 7. Nd5 Nxd5 8. exd5 Nb8 9. Qf3 a6 10. Qa3 Be7 11. Bg5 f6 12. Bd2 O-O 13. Bb4 axb5 14. Qxa8 Na6 15. Bd2 Qc7 16. Qa7 Bd7 17. Bd3 f5 18. O-O e4 19. Be2 Qxc2 20. Qe3 f4 21.
Qc3 Rc8 22. Qxc2 Rxc2 23. Rad1 Rxb2 24. Rfe1 g5 25. Bf1 Nc5 26. a3 Bg4 27. Bc3 Rb3 28. Rc1 Bf5 29. Bb4 Na6 30. Rb1 Rxb1 31. Rxb1 Bd7 32.
Ba5 Kf7 33. Bxb5 Bc8 34. Re1 Bf5 35. Rc1 Nc5 36. Bb4 b6 37. a4 Bc8 38. a5 bxa5 39. Bxa5 Bb7 40. Bc4 Kf6 41. Bc3+ Kf5 42. Bd4 Bf6 43. Bxc5 dxc5 44. d6 Bc6 45. Rb1 Ke5 46. Rd1 Bd8 47. d7 Kf6 48. Bd5 Ke7 49.
Bxc6 c4 50. Bxe4 c3 51. Bxh7 1-0

[Event "*** Titled Tuesday Blitz"]
[Site "Chess.com"]
[Date "2018.11.06"]
[Round "6"]
[White "chesstatour"]
[Black "novocane"]
[Result "0-1"]
[WhiteElo "2077"]
[BlackElo "2160"]
[TimeControl "180+2"]
[EndTime "14:22:08 PST"]
[Termination "novocane won by resignation"]

1. c4 e5 2. Nc3 Bb4 3. g3 Bxc3 4. bxc3 Nc6 5. Bg2 d6 6. d3 Nge7 7. e4 Be6 8. Ne2 Qd7 9. Rb1 b6 10. h4 O-O 11. f4 f5 12. exf5 Bxf5 13. fxe5 Nxe5 14. Nf4 Bg4 15. Qc2 Nf3+ 16. Kf2 Ne5 17. Be3 Rae8 18. Rbe1 Bf5 19. Kg1 Kh8 20. Nd5 Nxc4 21.
Nxe7 Rxe7 22. Bf2 Rxe1+ 23. Bxe1 Ne3 24. Qd2 Nxg2 25. Kxg2 Qc6+ 26. Kh2 Qf3 27. d4 Be4 28. Rg1 h6 29. c4 a6 30. Qb2 d5 31. c5 b5 32. Qd2 c6 33. Qb2 Rf7 34. Ba5 Rf5 35. Qd2 h5 36. Qe1 Qf2+ 37. Qxf2 Rxf2+ 38. Kh3 Bf5+ 39. g4 hxg4+ 40. Kg3 Rf3+ 41. Kg2 Ra3 42. Bc7 Be4+ 43. Kf2 Rf3+ 44. Ke2 Bd3+ 45. Kd2 Bf5 46. Ke2 Ra3 47. Bd6 Rxa2+ 48. Ke3 Ra3+ 49. Kf4 Rf3+ 50. Kg5 Kh7 51. h5 Be6 52. Be5 Rf5+ 53. Kh4 Rf3 54. Kg5 Rf5+ 55. Kh4 a5 56. Rxg4 Rxe5 57. Rxg7+ Kxg7 58. dxe5 a4 0-1